 Dungeon Crawl Stone Soup version 0.18.1-48-g4cf74bf (webtiles) character file.

275328 raph the Fencer (level 19, -15/194 HPs)
             Began as a Minotaur Fighter on July 15, 2016.
             Was the Champion of Pakellas.
             Killed from afar by a Brimstone Fiend (44 damage)
             ... with damnation
             ... summoned by a deep elf demonologist
             ... on level 1 of the Elven Halls on July 18, 2016.
             The game lasted 02:28:13 (45324 turns).

raph the Fencer (Minotaur Fighter)                 Turns: 45324, Time: 02:28:14

Health: -15/194    AC: 36    Str: 26    XL:     19   Next: 55%
Magic:  28/28      EV: 14    Int:  9    God:    Pakellas [******]
Gold:   1832       SH: 11    Dex: 19    Spells: 0 memorised, 18 levels left

rFire  . . .     SeeInvis .     a - +8 demon blade "Bloodbane" {slice, *Rage +Rage Stlth-}
rCold  + + +     Gourm    +     n - +3 plate armour {rPois}
rNeg   . . .     Faith    .     A - +3 warlock's mirror {reflect}
rPois  +         Spirit   .     i - +2 hat {rC+}
rElec  .         Dismiss  .     R - +2 cloak {+Inv}
rCorr  +         Reflect  +     J - +0 pair of gloves
SustAt .         Harm     .     w - +2 pair of boots of the Assassin {DetectMon Stab+ Stlth++}
MR     +....     Rnd*Rage +     K - amulet "Giyraeg" {Gourm rC+ Int+4}
Stlth  .......... NoTele   +    X - ring "Hyhuahel" {rCorr -Tele *Confuse rC+ Dex+6}
                                V - +3 ring of protection

@: exhausted, slowed, heavily drained, very slow, somewhat resistant to hostile
enchantments, extremely unstealthy
A: retaliatory headbutt, horns 2, molten scales 1, yellow scales 1, robust 1,
sturdy frame 1
a: Quick Charge, Device Surge, Supercharge, Renounce Religion, Evoke Berserk
Rage, Evoke Invisibility
}: 2/15 runes: decaying, gossamer


You were on level 1 of the Elven Halls.
You worshipped Pakellas.
Pakellas was exalted by your worship.
You were hungry.

You visited 6 branches of the dungeon, and saw 34 of its levels.
You also visited: Labyrinth, Sewer and Ice Cave.

You collected 3142 gold pieces.
You spent 1310 gold pieces at shops.

Inventory:

Hand Weapons
 a - the +8 demon blade "Bloodbane" (weapon) {slice, *Rage +Rage Stlth-}
   (You found it in a labyrinth)

   It inflicts extra damage upon your enemies.
   It lets you go berserk.
   It may make you go berserk in combat.
   It makes you less stealthy.
 s - a +1 vampiric demon blade
 C - a +2 double sword of flaming
 F - a +1 long sword of holy wrath
Armour
 i - a +2 hat of cold resistance (worn)
 n - a +3 plate armour of poison resistance (worn)
 p - the +18 shield of the gong {rElec rN+ MR+ EV-5}
   (You took it off Donald on level 1 of the Swamp)

   It affects your evasion (-5).
   It insulates you from electricity.
   It protects you from negative energy.
   It affects your resistance to hostile enchantments.
 w - the +2 pair of boots of the Assassin (worn) {DetectMon Stab+ Stlth++}
   (You found it in a labyrinth)

   It makes you much more stealthy.
 A - the +3 warlock's mirror (worn) {reflect}
   (You found it in a labyrinth)
 J - a +0 pair of gloves (worn)
 R - a +2 cloak of invisibility (worn)
Rods
 b - a +9 rod of ignition (17/17)
   (Pakellas gifted it to you on level 9 of the Dungeon)
 d - a +7 rod of clouds (17/17)
   (You took it off a minotaur in a labyrinth)
Jewellery
 K - the amulet "Giyraeg" (around neck) {Gourm rC+ Int+4}
   (You acquired it on level 4 of the Spider Nest)

   [amulet of the gourmand]

   It allows you to eat raw meat even when not hungry.
   It affects your intelligence (+4).
   It protects you from cold.
 V - a +3 ring of protection (left hand)
 X - the ring "Hyhuahel" (right hand) {rCorr -Tele *Confuse rC+ Dex+6}
   (You found it on level 9 of the Dungeon)

   [ring of resist corrosion]

   It affects your dexterity (+6).
   It protects you from cold.
   It prevents most forms of teleportation.
   It may confuse you when you take damage.
Wands
 l - a wand of iceblast (8/15)
 o - a wand of digging (7/24)
 r - a wand of disintegration (19/24)
 x - a wand of lightning (5/15)
 y - a wand of acid (11/15)
 G - a wand of iceblast (2/15)
 Z - a wand of heal wounds (2/9)
Scrolls
 e - a scroll of enchant weapon
 g - 14 scrolls of teleportation
 j - 9 scrolls of blinking
 k - 7 scrolls of fear
 m - 3 scrolls of summoning
 t - 13 scrolls of identify
 u - 2 scrolls of amnesia
 v - a scroll of fog
 U - 6 scrolls of remove curse
Potions
 c - a potion of haste
 h - 6 potions of agility
 q - 18 potions of curing
 D - a potion of might
 E - 2 potions of cancellation
 H - 7 potions of flight
 I - 2 potions of brilliance
 M - 6 potions of heal wounds
 O - a potion of cure mutation
 P - a potion of invisibility
 S - 36 potions of magic
 T - 2 potions of ambrosia
 W - 2 potions of resistance
Miscellaneous
 B - a disc of storms
 Y - a sack of spiders {used: 1}
Comestibles
 f - 16 bread rations
 z - a royal jelly
 N - a meat ration


   Skills:
 + Level 17.5(14.6) Fighting
 + Level 19.8(16.8) Long Blades
 + Level 17.1(14.3) Armour
 + Level 10.8(8.3) Dodging
 + Level 15.3(12.6) Shields
 + Level 14.6(11.9) Evocations


You had 18 spell levels left.
You didn't know any spells.

Dungeon Overview and Level Annotations

Branches:
Dungeon (15/15)            Temple (0/1) D:4            Lair (8/8) D:10
  Swamp (4/4) Lair:4       Spider (4/4) Lair:6        Slime (0/6) Lair:8
    Orc (2/2) D:9             Elf (1/3) Orc:2        Vaults (0/5) D:14
 Depths (0/5) D:15

Altars:
Ashenzari
Cheibriados
Dithmenos
Fedhas
Gozag
Kikubaaqudgha
Pakellas
Qazlal
Xom
Zin
The Shining One
Beogh

Shops:
D:5 =   D:9 :}*!   Orc:2 [?!!   Elf:1 !


Innate Abilities, Weirdness & Mutations

You reflexively headbutt those who attack you in melee.
You have a pair of horns on your head.
You are partially covered in molten scales (AC +1).
You are partially covered in yellow scales (AC +2).
You are robust (+10% HP).
Your movements are slightly less encumbered by armour (ER -2).


Message History

The damnation unfurls!
The damnation engulfs you!
* * * LOW HITPOINT WARNING * * *
You hear a shout!
Evoke which item? (* to show all) (? for menu, Esc to quit)
Zapping:
Z - a wand of heal wounds (3/9)
Press: ? - help, Shift-Dir - straight line, f - you You feel much better.
This wand has 2 charges left.
The deep elf mage casts a spell at you. The shard of ice misses you.
The deep elf mage points at you and mumbles some strange words.
The bolt of cold hits you! You resist. The Brimstone Fiend gestures at you.
The damnation unfurls!
The damnation engulfs you!
* * * LOW HITPOINT WARNING * * *
Evoke which item? (* to show all) (? for menu, Esc to quit)
The disc glows for a moment, then fades.
The shadow demon gestures.
The Brimstone Fiend gestures at you.
The damnation unfurls!
The damnation engulfs you!
You die...
Pakellas says: Back to the drawing board!

###.....### #.......#######
#.........# ##......'.....'
#..<......######.....########
#.........'..>.'....## #
#.......e.#######...'##
#.........## ##.##.##
###.....##'## #.###.##
###.#####.## ### ##.## ###
##@## ##.## ##.## ##.##
###### ##1## ##.## ##.....##
##e## ### ##.# #.......##
##{###.# ##. .........#
##.##.## ##
.......[4########ee..# #
.........4.{{{.{'24e.#######
........4########.e...'../.'


You could see a Brimstone Fiend, a shadow demon, a deep elf demonologist, 2 deep
elf archers, an ice devil and a deep elf mage.

Vanquished Creatures
  A tentacled monstrosity (Swamp:2)
  Asterion (Elf:1)
  3 thorn hunters
  A frost giant (D:15)
  Donald (Swamp:1)
  Maud (Lair:7)
  Louise (D:14)
  3 ghost moths (Spider:4)
  10 emperor scorpions
  Nessos (D:14)
  Azrael (D:13)
  3 spark wasps (Spider:4)
  6 dire elephants (Lair:8)
  Snorg (Lair:8)
  A deep elf high priest (Elf:1)
  Josephine (D:13)
  A minotaur (Lab)
  2 entropy weavers
  32 hydras
  2 ghost crabs
  4 centaur warriors
  An ogre mage (D:15)
  An anaconda (Lair:8)
  Erica (D:8)
  2 dancing weapons (Elf:1)
  A catoblepas (D:15)
  2 spriggan berserkers (Swamp:4)
  4 death yaks (Lair:6)
  2 tengu warriors (D:14)
  8 alligators
  Urug (D:13)
  The ghost of hadoken the Destroyer, a novice HECj of Vehumet (D:9)
  8 deep elf knights
  Sonja (D:14)
  2 fire crabs (Lair:7)
  6 skeletal warriors
  8 death scarabs (Spider:4)
  2 unseen horrors (D:15)
  9 swamp dragons
  5 hill giants
  A spriggan druid (Swamp:2)
  A spectral wolf spider (Spider:4)
  3 wolf spider zombies
  27 deep elf magi
  7 deep elf archers (Elf:1)
  4 ugly things (D:15)
  6 orc knights
  13 orb spiders
  36 wolf spiders
  5 cyclopes
  4 griffons
  An orc sorcerer (Orc:2)
  4 hornets
  7 black mambas
  10 elephants (Lair:8)
  3 moths of wrath (Spider:4)
  Joseph (D:7)
  2 ice statues (IceCv)
  3 torpor snails
  A guardian serpent (shapeshifter) (Elf:1)
  Maurice (Orc:2)
  17 spiny frogs
  3 rime drakes
  6 spectral redbacks (Spider:4)
  2 gargoyles
  An efreet (D:15)
  14 komodo dragons
  23 demonic crawlers
  2 redback zombies (Spider:4)
  A yaktaur (D:15)
  10 ice devils (IceCv)
  A merfolk (D:11)
  6 two-headed ogres
  A harpy zombie (D:14)
  6 trolls
  45 jumping spiders
  6 giant leeches
  A spectral tarantella (Spider:4)
  5 spectral jumping spiders (Spider:4)
  2 polar bears
  24 slime creatures
  3 hornet zombies (Spider:4)
  2 spectral hornets (Spider:4)
  A tarantella zombie (Spider:4)
  15 blink frogs
  7 bog bodies
  2 boulder beetles
  3 centaur simulacra (D:15)
  4 shadows
  3 spriggans
  37 tarantellas
  5 wyverns
  69 redbacks
  6 wraiths
  24 yaks
  4 basilisks
  2 fire elementals
  Grum (D:8)
  26 vampire mosquitoes
  10 hippogriffs
  The ghost of ThereIsNoGod the Chopper, an amateur DsGl (D:3)
  5 hungry ghosts
  36 swamp worms
  A warg (D:15)
  2 insubstantial wisps (Lair:2)
  6 hell hounds (D:13)
  18 water moccasins
  11 ice beasts
  13 porcupines
  14 swamp drakes
  37 orc warriors
  4 sky beasts
  2 phantoms
  2 black bears
  5 wasps
  An eye of draining (D:14)
  17 wolves
  17 ogres
  2 necrophages
  The ghost of ThereIsNoGod the Chopper, an amateur DsGl (D:4)
  37 centaurs
  2 big kobolds
  9 crocodiles
  29 giant frogs
  A wyvern skeleton (D:14)
  4 killer bees (D:8)
  A water moccasin skeleton (D:7)
  2 scorpions
  10 wights
  2 vampire bats (Lair:7)
  An electric eel (Lair:5)
  3 howler monkeys
  11 crimson imps
  8 jellies
  5 centaur zombies
  4 giant frog skeletons
  10 hounds
  7 centaur skeletons
  19 orc priests
  5 gnoll shamans (D:7)
  Jessica (D:2)
  Ijyb (D:2)
  Terence (D:3)
  6 hell rats (Lair:3)
  15 orc wizards
  14 iguanas
  13 worker ants
  24 sheep
  A hound zombie (D:9)
  A worker ant zombie (D:8)
  Robin (D:2)
  13 gnolls
  16 adders
  55 river rats
  A shadow imp (D:12)
  11 white imps (IceCv)
  5 ufetubi (IceCv)
  2 oozes (D:3)
  2 adder skeletons
  An adder zombie (D:7)
  11 worms
  4 dart slugs
  7 giant geckos
  56 orcs
  A bat zombie (D:6)
  11 giant cockroaches
  10 goblins
  14 hobgoblins
  25 jackals
  7 quokkas
  A ball python (D:4)
  23 bats
  6 giant newts
  11 kobolds
  2 quokka skeletons
  13 rats
  A rat zombie (D:6)
  11 briar patches (Swamp:4)
  3 bushes
  A butterfly (Lair:8)
  4 fungi
  8 plants
1461 creatures vanquished.

Vanquished Creatures (collateral kills)
  A spiny frog (Lair:8)
  2 wolves (Lair:8)
3 creatures vanquished.

Vanquished Creatures (others)
  A hydra (Swamp:3)
  A deep elf archer (Elf:1)
  A hornet (Swamp:1)
  A jumping spider (Spider:1)
  A redback (Spider:3)
  An orc warrior (Orc:2)
  5 centaurs
  A crocodile (Lair:7)
  An orc wizard (D:6)
  A white imp (IceCv)
  4 orcs
  A briar patch (Swamp:4)
  3 bushes (Lair:7)
  A fulminant prism (D:9)
  37 fungi
  21 plants
81 creatures vanquished.

Grand Total: 1545 creatures vanquished

Notes
Turn   | Place    | Note
--------------------------------------------------------------
     0 | D:1      | raph the Minotaur Fighter began the quest for the Orb.
     0 | D:1      | Reached XP level 1. HP: 19/19 MP: 0/0
   140 | D:1      | Reached skill level 3 in Long Blades
   180 | D:1      | Reached XP level 2. HP: 26/26 MP: 1/1
   406 | D:1      | You fall through a shaft!
   453 | D:2      | Reached skill level 4 in Long Blades
   453 | D:2      | Reached XP level 3. HP: 9/31 MP: 2/2
   844 | D:2      | Noticed Jessica
   851 | D:2      | Killed Jessica
   918 | D:2      | Reached skill level 5 in Long Blades
   929 | D:2      | Reached XP level 4. HP: 30/39 MP: 3/3
  1117 | D:2      | Found a blossoming altar of Fedhas.
  1525 | D:2      | Noticed Robin
  1535 | D:2      | Killed Robin
  1542 | D:2      | Reached skill level 6 in Long Blades
  1821 | D:2      | Noticed Ijyb
  1825 | D:2      | Killed Ijyb
  1825 | D:2      | Reached XP level 5. HP: 45/45 MP: 4/4
  2204 | D:3      | Noticed Terence
  2206 | D:3      | Found a shadowy altar of Dithmenos.
  2207 | D:3      | Noticed ThereIsNoGod's ghost (amateur DsGl)
  2220 | D:3      | Killed Terence
  2307 | D:2      | Reached skill level 7 in Long Blades
  2694 | D:4      | Found an oddly glowing altar of Pakellas.
  2721 | D:4      | Reached XP level 6. HP: 44/51 MP: 5/5
  2739 | D:4      | Noticed ThereIsNoGod's ghost (amateur DsGl)
  2780 | D:3      | Killed ThereIsNoGod's ghost
  2780 | D:3      | Reached skill level 8 in Long Blades
  3381 | D:3      | Found an opulent altar of Gozag.
  3381 | D:3      | Found a shattered altar of Ashenzari.
  3771 | D:4      | Became a worshipper of Pakellas the Inventive
  3814 | D:4      | Reached skill level 9 in Long Blades
  3814 | D:4      | Reached skill level 1 in Evocations
  3814 | D:4      | Reached XP level 7. HP: 52/57 MP: 6/6
  4022 | D:4      | Killed ThereIsNoGod's ghost
  4147 | D:4      | Found a staircase to the Ecumenical Temple.
  4596 | D:5      | Entered Level 5 of the Dungeon
  4794 | D:5      | Reached * piety under Pakellas
  4794 | D:5      | Received a gift from Pakellas
  4929 | D:5      | Reached skill level 10 in Long Blades
  5175 | D:5      | Found Bawih's Jewellery Boutique.
  5182 | D:5      | Bought a +2 ring of dexterity for 82 gold pieces
  5280 | D:5      | Reached XP level 8. HP: 66/66 MP: 9/9
  6149 | D:6      | Found an ancient bone altar of Kikubaaqudgha.
  6194 | D:6      | Reached ** piety under Pakellas
  6194 | D:6      | Received a gift from Pakellas
  6222 | D:6      | Found a shadowy altar of Dithmenos.
  6278 | D:6      | Found a glowing drain.
  6293 | Sewer    | Entered a sewer
  6483 | Sewer    | Found a white marble altar of Elyvilon.
  6698 | D:6      | Found a shimmering altar of Xom.
  6979 | D:6      | Reached skill level 5 in Armour
  7036 | D:6      | Reached skill level 5 in Fighting
  7212 | D:6      | Reached skill level 11 in Long Blades
  7393 | D:7      | Reached XP level 9. HP: 74/74 MP: 11/11
  7700 | D:7      | Reached skill level 5 in Evocations
  7709 | D:7      | Reached *** piety under Pakellas
  7709 | D:7      | Received a gift from Pakellas
  7908 | D:7      | Identified the Compendium of Changing and Attacks
  8292 | D:7      | Noticed Joseph
  8319 | D:7      | Killed Joseph
  8319 | D:7      | Reached skill level 12 in Long Blades
  8713 | D:7      | Reached XP level 10. HP: 84/84 MP: 9/13
  8813 | D:7      | Reached **** piety under Pakellas
  8813 | D:7      | Received a gift from Pakellas
  9143 | D:8      | Noticed Grum
  9197 | D:8      | Killed Grum
  9317 | D:8      | Reached skill level 13 in Long Blades
  9365 | D:8      | Noticed Erica
  9375 | D:8      | Killed Erica
  9783 | D:8      | Found a glowing silver altar of Zin.
  9801 | D:8      | Found a stormy altar of Qazlal.
  9942 | D:9      | Found Weut's Distillery.
  9949 | D:9      | Bought a potion of might for 52 gold pieces
  9949 | D:9      | Bought a potion of agility for 52 gold pieces
  9979 | D:9      | Noticed hadoken's ghost (novice HECj)
  9984 | D:9      | Killed hadoken's ghost
 10256 | D:9      | Found Gaidiusi's General Store.
 10264 | D:9      | Bought a potion of resistance for 130 gold pieces
 10272 | D:9      | Got a glittering glass ring
 10283 | D:9      | Identified the ring "Hyhuahel" {rCorr -Tele *Confuse rC+ Dex+6} (You found it on level 9 of the Dungeon)
 10319 | D:9      | Reached ***** piety under Pakellas
 10319 | D:9      | Received a gift from Pakellas
 10334 | D:9      | Found a staircase to the Orcish Mines.
 10335 | D:9      | Identified a +7 rod of ignition (12/12) (Pakellas gifted it to you on level 9 of the Dungeon)
 10483 | D:9      | Reached XP level 11. HP: 95/95 MP: 15/15
 10891 | D:9      | Found Sozoruwe's Book Emporium.
 10930 | D:9      | Found Raogh's Gadget Shoppe.
 11357 | D:10     | Entered Level 10 of the Dungeon
 11367 | D:10     | Reached skill level 5 in Shields
 11381 | D:10     | Reached skill level 14 in Long Blades
 11527 | D:10     | Found a staircase to the Lair.
 11895 | D:10     | Noticed a hill giant
 11900 | D:10     | Killed a hill giant
 12330 | Lair:1   | Entered Level 1 of the Lair of Beasts
 12355 | Lair:1   | Found a stormy altar of Qazlal.
 12821 | Lair:1   | Noticed a five-headed hydra
 12828 | Lair:1   | Killed a four-headed hydra
 13119 | Lair:1   | Reached ****** piety under Pakellas
 13121 | Lair:1   | Reached XP level 12. HP: 79/106 MP: 17/17
 13129 | Lair:1   | Reached skill level 10 in Fighting
 13899 | Lair:2   | Found a glowing golden altar of the Shining One.
 13921 | Lair:2   | Reached skill level 10 in Armour
 14740 | Lair:3   | Found a labyrinth entrance.
 14758 | Lab      | Entered a labyrinth
 15552 | Lab      | Noticed a minotaur
 15561 | Lab      | Killed a minotaur
 15564 | Lab      | Got a faintly glowing shortbow
 15723 | Lair:3   | Identified the +9 shortbow "Mixzulof" {velocity, -Tele rF+ Dex+9} (You took it off a minotaur in a labyrinth)
 15977 | Lair:3   | Reached skill level 15 in Long Blades
 16394 | Lair:3   | Noticed a six-headed hydra
 16402 | Lair:3   | Killed a five-headed hydra
 16502 | Lair:3   | Identified a +3 rod of clouds (12/12) (You took it off a minotaur in a labyrinth)
 16952 | Lair:4   | Noticed a four-headed hydra
 16963 | Lair:4   | Killed a one-headed hydra
 17047 | Lair:4   | Gained mutation: You are robust (+10% HP). [potion of beneficial mutation]
 17048 | Lair:4   | Gained mutation: You are partially covered in yellow scales (AC +2). [potion of beneficial mutation]
 17109 | Lair:4   | Found a staircase to the Swamp.
 17261 | Lair:4   | Found a frozen archway.
 17271 | Lair:4   | Reached XP level 13. HP: 127/127 MP: 19/19
 17335 | IceCv    | Entered an ice cave
 17729 | IceCv    | Got a bone scimitar
 17739 | IceCv    | Identified the cursed +1 scimitar of Reason {elec, +Rage rPois Int+6 Dex-5} (You found it in an ice cave)
 18791 | Lair:5   | Reached skill level 10 in Evocations
 19789 | Lair:6   | Reached skill level 10 in Shields
 19820 | Lair:6   | Found a hole to the Spider Nest.
 20956 | Lair:7   | Reached skill level 16 in Long Blades
 21064 | Lair:7   | Noticed Maud
 21087 | Lair:7   | Killed Maud
 21769 | Lair:7   | Reached XP level 14. HP: 117/139 MP: 21/21
 22245 | Lair:8   | Entered Level 8 of the Lair of Beasts
 22431 | Lair:8   | Noticed Snorg
 22439 | Lair:8   | Killed Snorg
 23005 | Lair:8   | Found a staircase to the Slime Pits.
 24584 | D:11     | Found a snail-covered altar of Cheibriados.
 25406 | Orc:1    | Entered Level 1 of the Orcish Mines
 25640 | Orc:1    | Found a roughly hewn altar of Beogh.
 25811 | Orc:2    | Entered Level 2 of the Orcish Mines
 25831 | Orc:2    | Noticed Maurice
 25854 | Orc:2    | Killed Maurice
 26521 | Orc:2    | Found a staircase to the Elven Halls.
 26690 | Orc:2    | Found Ukkamiept's Distillery.
 26690 | Orc:2    | Found Eleet's Magic Scroll Emporium.
 26692 | Orc:2    | Found Mefun's Armour Shoppe.
 26694 | Orc:2    | Found Urocossol's Distillery.
 26699 | Orc:2    | Bought a potion of experience for 800 gold pieces
 26708 | Orc:2    | Bought a scroll of enchant armour for 97 gold pieces
 26708 | Orc:2    | Bought a scroll of enchant armour for 97 gold pieces
 26712 | Orc:2    | Reached skill level 17 in Long Blades
 26712 | Orc:2    | Reached XP level 15. HP: 151/151 MP: 22/22
 27151 | D:12     | Reached XP level 16. HP: 160/160 MP: 23/23
 28158 | D:13     | Noticed Azrael
 28172 | D:13     | Killed Azrael
 28193 | D:13     | Noticed Urug
 28203 | D:13     | Killed Urug
 28307 | D:13     | Noticed Josephine
 28318 | D:13     | Killed Josephine
 29134 | D:14     | Reached skill level 1 in Dodging
 29143 | D:14     | Noticed Louise
 29158 | D:14     | Killed Louise
 29318 | D:14     | Found an ancient bone altar of Kikubaaqudgha.
 29361 | D:14     | Noticed Nessos
 29365 | D:14     | Killed Nessos
 29494 | D:14     | Found a gate to the Vaults.
 29746 | D:14     | Gained mutation: Your movements are slightly less encumbered by armour (ER -2). [potion of beneficial mutation]
 29786 | D:14     | Noticed Sonja
 29788 | D:14     | Killed Sonja
 29948 | D:15     | Entered Level 15 of the Dungeon
 30878 | D:15     | Reached skill level 5 in Dodging
 30889 | D:15     | Reached skill level 15 in Fighting
 31017 | D:15     | Found a staircase to the Depths.
 31784 | Lair:8   | Reached skill level 18 in Long Blades
 32349 | Swamp:1  | Entered Level 1 of the Swamp
 32559 | Swamp:1  | Reached XP level 17. HP: 151/171 MP: 25/25
 32814 | Swamp:1  | Reached skill level 15 in Armour
 32821 | Swamp:1  | Noticed Donald
 32840 | Swamp:1  | Killed Donald
 33022 | Swamp:1  | You fall through a shaft!
 33045 | Swamp:2  | Gained mutation: You are partially covered in molten scales (AC +1). [potion of beneficial mutation]
 33209 | Swamp:2  | Noticed a tentacled monstrosity
 33228 | Swamp:2  | Killed a tentacled monstrosity
 34708 | Swamp:4  | Entered Level 4 of the Swamp
 35587 | Swamp:4  | Got a decaying rune of Zot
 35803 | Spider:1 | Entered Level 1 of the Spider Nest
 36407 | Spider:1 | Reached XP level 18. HP: 178/182 MP: 27/27
 37695 | Spider:2 | Reached skill level 19 in Long Blades
 37877 | Spider:2 | Identified a scroll of acquirement
 37880 | Spider:2 | Got an ancient cloak
 37891 | Spider:2 | Identified the +0 cloak "Roqaocang" {+Inv rPois rCorr Stlth+} (You acquired it on level 2 of the Spider Nest)
 40792 | Spider:4 | Entered Level 4 of the Spider Nest
 40836 | Spider:4 | Got a flickering emerald amulet
 40838 | Spider:4 | Identified the amulet "Giyraeg" {Gourm rC+ Int+4} (You acquired it on level 4 of the Spider Nest)
 42768 | Spider:4 | Reached XP level 19. HP: 117/194 MP: 28/28
 43006 | Spider:4 | Reached skill level 10 in Dodging
 43283 | Spider:4 | Reached skill level 15 in Shields
 43326 | Spider:4 | Got a gossamer rune of Zot
 43777 | Elf:1    | Entered Level 1 of the Elven Halls
 43953 | Elf:1    | Found Huadeodgh's Distillery.
 44457 | Elf:1    | Noticed Asterion
 44470 | Elf:1    | Killed Asterion
 45322 | Elf:1    | Noticed a Brimstone Fiend
 45324 | Elf:1    | Killed from afar by a Brimstone Fiend

Skill      XL: |  1  2  3  4  5  6  7  8  9 10 11 12 13 14 15 16 17 18 19 |
---------------+----------------------------------------------------------+-----
Long Blades    | 3 4 5 6 7 9 10 11 12 13 14 15 16 17 18 19 | 19.8
Evocations     | 1 3 4 6 7 8 9 10 11 12 13 14 | 14.6
Armour         | 4 5 6 8 9 11 12 13 14 15 16 17 | 17.1
Fighting       | 4 5 6 8 9 11 12 14 15 16 17 | 17.5
Shields        | 4 7 9 10 12 13 14 15 | 15.3
Dodging        | 5 8 9 10 | 10.8

Action                   |  1- 3 |  4- 6 |  7- 9 | 10-12 | 13-15 | 16-18 | 19-21 || total
-------------------------+-------+-------+-------+-------+-------+-------+-------++-------
Melee: Long sword        |    76 |   205 |   348 |   119 |       |       |       ||   748
       Headbutt          |     9 |    31 |    79 |   171 |   232 |   475 |    62 ||  1059
       Scimitar          |       |       |       |   420 |   209 |   101 |       ||   730
       Demon blade       |       |       |       |   107 |   571 |  1256 |   230 ||  2164
       Double sword      |       |       |       |       |       |   277 |       ||   277
Invok: Quick Charge      |       |       |     1 |       |     3 |     4 |       ||     8
       Device Surge      |       |       |       |     2 |       |       |       ||     2
 Abil: Evoke Berserk Rag |       |       |     8 |     7 |     7 |    10 |     7 ||    39
Evoke: Wand              |       |       |       |     9 |     2 |    15 |     4 ||    30
       Rod               |       |       |       |     4 |    16 |    34 |    10 ||    64
       Box of beasts     |       |       |       |       |     1 |       |       ||     1
       Disc of storms    |       |       |       |       |       |       |     1 ||     1
       Sack of spiders   |       |       |       |       |       |       |     1 ||     1
  Use: Potion            |       |     1 |       |     4 |     1 |     3 |     7 ||    16
       Scroll            |       |       |    19 |    11 |    11 |    10 |     1 ||    52
  Eat: Chunk             |       |    10 |    22 |    19 |    58 |    78 |    12 ||   199
       Pizza             |       |       |     1 |       |       |     3 |       ||     4
       Meat ration       |       |       |       |     3 |       |     3 |       ||     6
       Bread ration      |       |       |       |     1 |     1 |     2 |       ||     4
       Beef jerky        |       |       |       |     1 |       |     4 |       ||     5
       Fruit             |       |       |       |       |     2 |     5 |       ||     7
       Royal jelly       |       |       |       |       |       |     2 |       ||     2
Armor: Scale mail        |    30 |    66 |       |       |       |       |       ||    96
       Chain mail        |       |    15 |   131 |       |       |       |       ||   146
       Plate armour      |       |       |    16 |   233 |   358 |  1034 |   208 ||  1849
Dodge: Dodged            |    22 |    45 |    59 |    82 |   168 |   795 |   215 ||  1386
Block: Shield            |    32 |   104 |   159 |   257 |       |   153 |   218 ||   923
       Buckler           |       |       |       |    35 |   311 |   915 |   143 ||  1404
       Reflection        |       |       |       |       |    45 |    42 |    30 ||   117
